[Event "ICC tourney 1955 (60 10)"]
[Site "Internet Chess Club"]
[Date "2020.08.09"]
[Round "8"]
[White "ChessPlayer2005"]
[Black "pianoboy"]
[Result "1-0"]
[ICCResult "Black resigns"]
[WhiteElo "1771"]
[BlackElo "1853"]
[Opening "Sicilian: dragon, classical, Richter variation"]
[ECO "B73"]
[NIC "SI.15"]
[Time "15:20:58"]
[TimeControl "3600+10"]

1. e4 c5 2. Nf3 d6 3. d4 cxd4 4. Nxd4 Nf6 5. Nc3 g6 6. Be2 Bg7 7. Be3 Nc6 8.
O-O O-O 9. Qd2 Ng4 10. Bxg4 Bxg4 11. Nxc6 bxc6 12. Bh6 Rb8 13. Rab1 Re8 14.
Bxg7 Kxg7 15. Qd4+ e5 16. Qxa7 Qg5 17. f3 Be6 18. Qf2 h5 19. Rfd1 Rbd8 20.
a4 Kh7 21. a5 Rg8 22. b4 f5 23. b5 cxb5 24. Rxb5 Rd7 25. Rb6 Qe7 26. Qd2
Rgd8 27. Nd5 Qf7 28. Qg5 Bxd5 29. Rxd5 fxe4 30. fxe4 Rf8 31. h3 Qf2+ 32. Kh2
Rf6 33. Rxe5 Rdf7 34. Re8 Qd4 35. Rbb8 Rf1 36. Rh8+ Qxh8 37. Rxh8+ Kxh8 38.
Qxg6 R1f2 39. Qxh5+ Kg8 40. Qd5 Kh8 41. Qxd6 Rg7 42. Qd8+ Rg8 43. Qh4+
{Black resigns}
1-0

[Event "ICC tourney 1955 (60 10)"]
[Site "Internet Chess Club"]
[Date "2020.08.09"]
[Round "8"]
[White "leojiang"]
[Black "Tombstone"]
[Result "1/2-1/2"]
[ICCResult "Game drawn by mutual agreement"]
[WhiteElo "1878"]
[BlackElo "2017"]
[Opening "QGD semi-Slav: Meran, Wade variation"]
[ECO "D47"]
[NIC "SL.09"]
[Time "15:20:36"]
[TimeControl "3600+10"]

1. d4 d5 2. c4 c6 3. Nf3 Nf6 4. e3 e6 5. Nc3 Nbd7 6. Bd3 dxc4 7. Bxc4 b5 8.
Bd3 Bb7 9. O-O a6 10. b3 Bd6 11. Bb2 Qe7 12. Ne4 Nxe4 13. Bxe4 Nf6 14. Bd3
c5 15. dxc5 Bxc5 16. Qe2 O-O 17. a3 Rfd8 18. Rfd1 h6 19. b4 Bb6 20. Rac1
Rac8 21. h3 Bd5 22. Rxc8 Rxc8 23. Nd2 Rd8 24. Nf3 Bb7
{Game drawn by mutual agreement}
1/2-1/2

[Event "ICC tourney 1955 (60 10)"]
[Site "Internet Chess Club"]
[Date "2020.08.09"]
[Round "8"]
[White "chessisthebest1"]
[Black "MysteryHunter"]
[Result "0-1"]
[ICCResult "White resigns"]
[WhiteElo "1861"]
[BlackElo "1704"]
[Opening "Sicilian: Najdorf"]
[ECO "B90"]
[NIC "SI.14"]
[Time "15:20:23"]
[TimeControl "3600+10"]

1. e4 c5 2. Nf3 d6 3. d4 cxd4 4. Nxd4 Nf6 5. Nc3 a6 6. f3 e5 7. Nb3 Be6 8.
Be3 h5 9. Qd2 Nbd7 10. Nd5 Bxd5 11. exd5 Be7 12. Be2 Rc8 13. c4 b6 14. Rc1
Nc5 15. Bxc5 dxc5 16. O-O g6 17. Na1 Bf8 18. Rcd1 Qd6 19. Bd3 Bg7 20. Rde1
O-O 21. Qc2 Nd7 22. g4 hxg4 23. fxg4 Bh6 24. Kh1 Bg5 25. Be4 Kg7 26. Rf3 Rh8
27. Qg2 Bf4 28. h3 Rh4 29. Qc2 Rch8 30. Qg2 Nf6 31. Kg1 Qd7 32. Kf1 Nxg4 33.
Ke2 Nf6 {White resigns} 0-1

[Event "ICC tourney 1955 (60 10)"]
[Site "Internet Chess Club"]
[Date "2020.08.09"]
[Round "8"]
[White "chessmate09520"]
[Black "Mengocat"]
[Result "0-1"]
[ICCResult "White checkmated"]
[WhiteElo "2047"]
[BlackElo "1928"]
[Opening "Giuoco Piano"]
[ECO "C54"]
[NIC "IG.02"]
[Time "15:20:36"]
[TimeControl "3600+10"]

1. e4 e5 2. Nf3 Nc6 3. Bc4 Bc5 4. c3 Nf6 5. d3 a6 6. a4 d6 7. Bg5 h6 8. Bh4
Be6 9. Nbd2 Ba7 10. b4 g5 11. Bg3 Nh5 12. Qb3 Qd7 13. a5 Ne7 14. d4 Nxg3 15.
hxg3 Ng6 16. dxe5 dxe5 17. Bxe6 fxe6 18. Nc4 O-O-O 19. O-O Qb5 20. Rad1 Rde8
21. Rd2 g4 22. Nh2 h5 23. Na3 Qc6 24. b5 axb5 25. Nxb5 Bc5 26. Rfd1 h4 27.
Rd3 hxg3 28. Rxg3 Rxh2 29. Kxh2 Bxf2 30. Na7+ Bxa7 31. Rxg4 Qc5 32. Rg3 Rh8+
33. Rh3 Rxh3+ 34. Kxh3 Nf4+ 35. Kg4 Qf2 36. Kg5 Qxg2+ 37. Kf6 Qg6+ 38. Kxe5
Qg5# {White checkmated} 0-1

[Event "ICC tourney 1955 (60 10)"]
[Site "Internet Chess Club"]
[Date "2020.08.09"]
[Round "8"]
[White "mmchan"]
[Black "Vish1080"]
[Result "1-0"]
[ICCResult "Black checkmated"]
[WhiteElo "1972"]
[BlackElo "1652"]
[Opening "Sicilian: Nimzovich-Rossolimo attack (without ...d6)"]
[ECO "B30"]
[NIC "SI.31"]
[Time "15:20:29"]
[TimeControl "3600+10"]

1. e4 c5 2. Nf3 Nc6 3. Bb5 e6 4. O-O g6 5. c3 Bg7 6. d4 cxd4 7. cxd4 d5 8.
e5 h6 9. Nc3 Ne7 10. Bd3 Nf5 11. Bxf5 exf5 12. Qb3 Ne7 13. Bd2 O-O 14. Rac1
b6 15. Rfe1 Ba6 16. Qa3 Bd3 17. Nxd5 Qxd5 18. Qxd3 Qxa2 19. b3 Rfc8 20. d5
Rc5 21. Rxc5 bxc5 22. d6 Nc6 23. Qd5 Qa6 24. Qxc5 Qb6 25. Rc1 Qxc5 26. Rxc5
Rc8 27. d7 Rd8 28. Rxc6 Rxd7 29. Rd6 Rb7 30. b4 a5 31. bxa5 Bxe5 32. Rb6 Rd7
33. Nxe5 Rxd2 34. g3 Rd5 35. Nc6 Rd1+ 36. Kg2 Ra1 37. a6 Kg7 38. a7 Rxa7 39.
Nxa7 Kh7 40. h4 Kg7 41. Kf3 Kh7 42. Kf4 Kg7 43. h5 g5+ 44. Kxf5 Kg8 45. Kf6
Kh7 46. Kxf7 Kh8 47. Rxh6# {Black checkmated} 1-0

[Event "ICC tourney 1955 (60 10)"]
[Site "Internet Chess Club"]
[Date "2020.08.09"]
[Round "8"]
[White "adchess"]
[Black "Singireddy"]
[Result "1/2-1/2"]
[ICCResult "Game drawn by mutual agreement"]
[WhiteElo "1797"]
[BlackElo "1991"]
[Opening "King's Indian, 3.Nf3"]
[ECO "E90"]
[NIC "KI.20"]
[Time "15:20:55"]
[TimeControl "3600+10"]

1. d4 Nf6 2. Nf3 g6 3. c4 Bg7 4. Nc3 O-O 5. e4 d6 6. h3 e5 7. d5 a5 8. Be2
Na6 9. Be3 Nd7 10. O-O Nac5 11. Qc2 h6 12. a3 a4 13. Nd2 f5 14. exf5 gxf5
15. f3 b6 16. Kh1 Nf6 17. Rg1 Nh5 18. Bf2 Nf4 19. Bf1 Qg5 20. g3 Ng6 21. h4
Qf6 22. Nb5 Rf7 23. Bh3 f4 24. Bxc8 Rxc8 25. g4 Nxh4 26. Bxc5 bxc5 27. Ne4
Qg6 28. Raf1 Bf6 29. Nbc3 Rg7 30. Qxa4 Nf5 31. b4 cxb4 32. axb4 Bg5 33. Qa2
Ne3 34. Rf2 h5 35. Rh2 hxg4 36. Nd1 Qf5 37. Nxe3 fxe3
{Game drawn by mutual agreement}
1/2-1/2

[Event "ICC tourney 1955 (60 10)"]
[Site "Internet Chess Club"]
[Date "2020.08.09"]
[Round "8"]
[White "Mozart1"]
[Black "omegablitz"]
[Result "1/2-1/2"]
[ICCResult "Game drawn by mutual agreement"]
[WhiteElo "1874"]
[BlackElo "1746"]
[Opening "Sicilian: accelerated fianchetto, Maróczy bind, 6.Be3"]
[ECO "B38"]
[NIC "SI.33"]
[Time "15:19:44"]
[TimeControl "3600+10"]

1. e4 c5 2. Nf3 Nc6 3. d4 cxd4 4. Nxd4 g6 5. c4 Bg7 6. Be3 Nf6 7. Nc3 O-O 8.
Be2 d6 9. O-O Bd7 10. Qd2 Nxd4 11. Bxd4 Bc6 12. f3 Nd7 13. Bxg7 Kxg7 14. a3
Qb6+ 15. Kh1 a5 16. Rab1 a4 17. f4 Nf6 18. e5 dxe5 19. fxe5 Ne4 20. Qf4 Nxc3
21. bxc3 Qc5 22. Rb4 Rad8 23. h4 Rb8 24. Bd1 Ra8 25. Qd4 Ra5 26. Qxc5 Rxc5
27. Bxa4 Bxa4 28. Rxa4 Rxe5 29. Rb4 Re4 30. c5 Re5 31. Rxb7 Rxc5 32. Rxe7
Rxc3 33. Ra7 Rc6 34. a4 Rf6 35. Rxf6 Kxf6 36. a5 Rb8 37. a6 Rb1+ 38. Kh2 Ra1
39. Ra8 Ra3 40. a7 h5 41. Kg1 Ra2 42. Kh2 Ra3 {Game drawn by mutual
agreement} 1/2-1/2

[Event "ICC tourney 1955 (60 10)"]
[Site "Internet Chess Club"]
[Date "2020.08.09"]
[Round "8"]
[White "aritroc"]
[Black "raghuraja"]
[Result "0-1"]
[ICCResult "White resigns"]
[WhiteElo "1838"]
[BlackElo "1787"]
[Opening "English: symmetrical variation"]
[ECO "A34"]
[NIC "EO.64"]
[Time "15:20:16"]
[TimeControl "3600+10"]

1. c4 c5 2. Nc3 b6 3. e4 Bb7 4. g3 Nf6 5. Bg2 d6 6. Nge2 e6 7. O-O Nbd7 8.
d3 a6 9. h3 Qc7 10. Rb1 g6 11. f4 Bg7 12. a3 Ng8 13. Be3 Ne7 14. Qd2 f5 15.
Rf2 h6 16. Kh2 Kf7 17. Rbf1 Bf6 18. g4 h5 19. g5 Bg7 20. h4 Bc6 21. Ng3 Rhb8
22. a4 Ra7 23. exf5 Nxf5 24. Nxf5 exf5 25. d4 Bxg2 26. Kxg2 Qc6+ 27. Kh2 Re8
28. b3 Raa8 29. Nd5 Re4 30. dxc5 Nxc5 31. Bxc5 dxc5 32. Re2 Rae8 33. Rd1
Rxe2+ 34. Kg3 Rxd2 35. Rxd2 Bd4 {White resigns} 0-1

[Event "ICC tourney 1955 (60 10)"]
[Site "Internet Chess Club"]
[Date "2020.08.09"]
[Round "8"]
[White "clair"]
[Black "Joshua1"]
[Result "1/2-1/2"]
[ICCResult "Game drawn by mutual agreement"]
[WhiteElo "1725"]
[BlackElo "1862"]
[Opening "Queen's pawn, Mason variation"]
[ECO "D00"]
[NIC "QP.08"]
[Time "15:20:54"]
[TimeControl "3600+10"]

1. d4 d5 2. Bf4 Bf5 3. e3 e6 4. Nf3 Nf6 5. Bd3 Bg6 6. Ne5 Bd6 7. Nxg6 hxg6
8. Bxd6 Qxd6 9. h3 c6 10. Nd2 Nbd7 11. Nf3 O-O-O 12. Qe2 e5 13. dxe5 Nxe5
14. Nxe5 Qxe5 15. O-O-O Rhe8 16. Rhe1 Kb8 17. c3 Re7 18. Qf3 Rde8 19. Bc2
Ne4 20. Bxe4 Qxe4 21. Qxe4 Rxe4 22. Rd4 Kc7 23. Rxe4 Rxe4 24. Kd2 f5 25. Kd3
c5 26. Re2 Kd6 27. f3 c4+ {Game drawn by mutual agreement} 1/2-1/2

[Event "ICC tourney 1955 (60 10)"]
[Site "Internet Chess Club"]
[Date "2020.08.09"]
[Round "8"]
[White "mangolamb"]
[Black "Kingforce"]
[Result "1/2-1/2"]
[ICCResult "Game drawn by mutual agreement"]
[WhiteElo "2116"]
[BlackElo "2002"]
[Opening "Sicilian: Labourdonnais-Löwenthal (Kalashnikov) variation"]
[ECO "B32"]
[NIC "SI.32"]
[Time "15:20:36"]
[TimeControl "3600+10"]

1. e4 c5 2. Nf3 Nc6 3. d4 cxd4 4. Nxd4 e5 5. Nb5 d6 6. c4 Be7 7. Be2 a6 8.
N5c3 f5 9. exf5 Bxf5 10. Bd3 Be6 11. Qh5+ Bf7 12. Qg4 Nf6 13. Qe2 Nd4 14.
Qd1 O-O 15. O-O Rc8 16. b3 d5 17. cxd5 Nxd5 18. Nxd5 Bxd5 19. Nd2 Bg5 20.
Bb2 Bxd2 21. Qxd2 Rf4 22. Bxd4 Rxd4 23. Qe2 Qg5 24. f3 Rd8 25. Rad1 b5 26.
Rfe1 Bb7 27. Kh1 Qf4 28. Qc2 e4 29. Bxe4 Rxd1 30. Rxd1 Rxd1+ 31. Qxd1 Bxe4
{Game drawn by mutual agreement}
1/2-1/2

[Event "ICC tourney 1955 (60 10)"]
[Site "Internet Chess Club"]
[Date "2020.08.09"]
[Round "8"]
[White "abi2009"]
[Black "mydogeatschess"]
[Result "1/2-1/2"]
[ICCResult "Game drawn by repetition"]
[WhiteElo "1789"]
[BlackElo "1881"]
[Opening "Giuoco Pianissimo: Italian four knights variation"]
[ECO "C55"]
[NIC "IG.01"]
[Time "15:20:58"]
[TimeControl "3600+10"]

1. e4 e5 2. Nf3 Nc6 3. Bc4 Nf6 4. d3 Bc5 5. Nc3 d6 6. h3 Na5 7. Bb3 c6 8.
O-O h6 9. Ne2 O-O 10. Ng3 Nxb3 11. axb3 Re8 12. Re1 d5 13. Qe2 Nh7 14. c3
Qf6 15. exd5 cxd5 16. d4 Bd6 17. dxe5 Qd8 18. Qb5 Bc7 19. Be3 a6 20. Qd3
Bxe5 21. Rad1 Bxg3 22. fxg3 Be6 23. Nd4 Nf6 24. Kh2 Rc8 25. Rf1 Ne4 26. Rde1
Qc7 27. Bf4 Qb6 28. Be3 Qc7 29. Bf4 Qb6 30. Be3 Qc7 31. Bf4 Qb6
{Game drawn by repetition}
1/2-1/2

[Event "ICC tourney 1955 (60 10)"]
[Site "Internet Chess Club"]
[Date "2020.08.09"]
[Round "8"]
[White "FamilyFork"]
[Black "HR2005"]
[Result "0-1"]
[ICCResult "White resigns"]
[WhiteElo "1807"]
[BlackElo "2078"]
[Opening "King's Indian: Zinnowitz variation"]
[ECO "E90"]
[NIC "KI.21"]
[Time "15:20:58"]
[TimeControl "3600+10"]

1. d4 Nf6 2. c4 g6 3. Nc3 Bg7 4. e4 d6 5. Nf3 O-O 6. Bg5 c6 7. Qd2 e5 8.
dxe5 dxe5 9. O-O-O Qc7 10. h3 Be6 11. g4 Na6 12. Qe3 b6 13. Nh4 Rad8 14. Be2
Rd4 15. Qf3 Nd7 16. Be3 b5 17. Nf5 gxf5 18. gxf5 Bxc4 19. Rdg1 f6 20. Qg3
Rf7 21. Bh5 Re7 22. b3 Qa5 23. Bxd4 exd4 24. Nb1 Qxa2 25. bxc4 Nb4 26. Na3
d3 27. Qd6 Qxa3+ 28. Kd2 Qb2+ 29. Ke3 Nc2+ 30. Kf3 Qe5 31. Qxd3 Nd4+ 32. Ke3
Nxf5+ 33. Kd2 Re6 34. c5 Qxc5 35. Rxg7+ Nxg7 36. Bf7+ Kxf7 37. Qxd7+ Re7 38.
Qg4 Qxf2+ {White resigns} 0-1

[Event "ICC tourney 1955 (60 10)"]
[Site "Internet Chess Club"]
[Date "2020.08.09"]
[Round "8"]
[White "betterone76"]
[Black "tclaneva"]
[Result "1/2-1/2"]
[ICCResult "Game drawn by mutual agreement"]
[WhiteElo "1820"]
[BlackElo "1913"]
[Opening "King's Indian: fianchetto, classical main line"]
[ECO "E69"]
[NIC "KI.62"]
[Time "15:19:46"]
[TimeControl "3600+10"]

1. d4 Nf6 2. c4 g6 3. Nf3 Bg7 4. g3 O-O 5. Bg2 d6 6. O-O Nbd7 7. Nc3 e5 8.
e4 c6 9. h3 a6 10. d5 Nc5 11. Qc2 cxd5 12. cxd5 b5 13. a3 Bb7 14. b4 Ncd7
15. Bb2 Rc8 16. Qe2 Nb6 17. Nd2 Nc4 18. Nxc4 Rxc4 19. Nd1 Qb6 20. Rc1 Rfc8
21. Rxc4 Rxc4 22. Ne3 Rc8 23. Rd1 Qc7 24. Rc1 Qd7 25. Rxc8+ Qxc8 26. Qc2
Qxc2 27. Nxc2 Nd7 28. Bf1 Nb6 29. Bc1 Na4 30. Be3 Nc3 31. Bd3 Kf8 32. f4 Ke7
33. Kf1 Bc8 34. g4 h5 35. f5 hxg4 36. hxg4 gxf5 37. gxf5 Bf6 38. Ke1 Na4 39.
Na1 Bh4+ 40. Kd2 Kd7 41. Nb3 Bd8 42. Na5 Bxa5 43. bxa5 Nc5 44. Kc3 Nxd3 45.
Kxd3 f6 46. Kc3 Ke7 47. Kb4 Bd7 48. Bd2 Be8 49. Be3
{Game drawn by mutual agreement}
1/2-1/2

[Event "ICC tourney 1955 (60 10)"]
[Site "Internet Chess Club"]
[Date "2020.08.09"]
[Round "8"]
[White "BranKing"]
[Black "GenerousSW"]
[Result "1-0"]
[ICCResult "Black resigns"]
[WhiteElo "2121"]
[BlackElo "1988"]
[Opening "Sicilian: Canal-Sokolsky (Nimzovich-Rossolimo, Moscow) attack"]
[ECO "B51"]
[NIC "SI.01"]
[Time "15:20:06"]
[TimeControl "3600+10"]

1. e4 c5 2. Nf3 d6 3. Bb5+ Nd7 4. c3 Nf6 5. Qe2 e6 6. O-O Be7 7. d4 cxd4 8.
cxd4 O-O 9. Nc3 a6 10. Bd3 e5 11. dxe5 Nxe5 12. Nxe5 dxe5 13. h3 Be6 14. Be3
Rc8 15. Rad1 Qa5 16. Kh1 Bc5 17. Bg5 Nd7 18. Bd2 Qd8 19. f4 exf4 20. Bxf4
Re8 21. Qh5 Qb6 22. e5 Nf8 23. Ne4 Be7 24. Bg5 Rcd8 25. Bxe7 Rxe7 26. Nf6+
gxf6 27. exf6 Qe3 28. fxe7 Re8 29. exf8=Q+ Kxf8 30. Qxh7 Ke7 31. Qh4+ Kf8
32. Bg6 {Black resigns} 1-0

[Event "ICC tourney 1955 (60 10)"]
[Site "Internet Chess Club"]
[Date "2020.08.09"]
[Round "8"]
[White "geowhiz27"]
[Black "dabpacman"]
[Result "1-0"]
[ICCResult "Black resigns"]
[WhiteElo "1792"]
[BlackElo "1523"]
[Opening "Sicilian: Katalimov variation"]
[ECO "B27"]
[NIC "SI.43"]
[Time "15:20:41"]
[TimeControl "3600+10"]

1. e4 c5 2. Nf3 b6 3. c3 Bb7 4. Bd3 a6 5. a4 e6 6. Bc2 Qc7 7. d4 cxd4 8.
cxd4 Nc6 9. Nc3 Bb4 10. Bd2 Na5 11. Ne2 Bxd2+ 12. Nxd2 Nc4 13. Nxc4 Qxc4 14.
O-O Nf6 15. Nc3 h5 16. Re1 Qc7 17. Rc1 Ng4 18. e5 f6 19. Bg6+ Ke7 20. Nd5+
{Black resigns}
1-0

[Event "ICC tourney 1955 (60 10)"]
[Site "Internet Chess Club"]
[Date "2020.08.09"]
[Round "8"]
[White "runtilmorrow1"]
[Black "joeandjoe56"]
[Result "1-0"]
[ICCResult "Black resigns"]
[WhiteElo "2043"]
[BlackElo "1809"]
[Opening "Ruy Lopez: closed, Bogolyubov variation"]
[ECO "C91"]
[NIC "RL.20"]
[Time "15:19:54"]
[TimeControl "3600+10"]

1. e4 e5 2. Nf3 Nc6 3. Bb5 a6 4. Ba4 Nf6 5. O-O Be7 6. Re1 b5 7. Bb3 O-O 8.
d4 d6 9. c3 Bg4 10. d5 Na5 11. Bc2 c6 12. h3 Bd7 13. Be3 Nc4 14. b3 Nxe3 15.
Rxe3 Qc7 16. Qd3 cxd5 17. exd5 e4 18. Rxe4 Nxe4 19. Qxe4 f5 20. Qxe7 Rae8
21. Qh4 Rf6 22. Qd4 Re7 23. Nbd2 Be8 24. Nf1 Bh5 25. Ng5 Re5 26. f4 Re8 27.
Ne6 Qe7 28. b4 Rc8 29. Re1 Rc4 30. Qd2 Bf7 31. Nd4 Qd7 32. Ne3 Rc7 33. Bxf5
Qd8 34. Ng4 Rxf5 35. Nxf5 h5 36. Nf2 Qf6 37. g4 hxg4 38. hxg4 {Black
resigns} 1-0

[Event "ICC tourney 1955 (60 10)"]
[Site "Internet Chess Club"]
[Date "2020.08.09"]
[Round "8"]
[White "Leolix"]
[Black "dzchess01"]
[Result "1-0"]
[ICCResult "Black resigns"]
[WhiteElo "1948"]
[BlackElo "1796"]
[Opening "Nimzo-Indian: three knights variation"]
[ECO "E21"]
[NIC "NI.26"]
[Time "15:20:38"]
[TimeControl "3600+10"]

1. d4 Nf6 2. c4 e6 3. Nc3 Bb4 4. Nf3 b6 5. e3 Bb7 6. Bd3 O-O 7. O-O Bxc3 8.
bxc3 Ne4 9. Qc2 f5 10. Nd2 Qh4 11. f3 Ng5 12. e4 f4 13. e5 Nc6 14. Ne4 Ne7
15. Nxg5 Qxg5 16. Bxh7+ Kf7 17. Be4 Bxe4 18. fxe4 Ng6 19. Rf2 c5 20. Bd2 Ke7
21. Raf1 Qh4 22. Qc1 Rac8 23. Bxf4 Nxf4 24. Rxf4 Rxf4 25. Rxf4 Qh5 26. Qf1
g5 27. Rf6 cxd4 28. cxd4 Qh4 29. d5 Re8 30. d6+ Kd8 31. Qd3 Qg4 32. Rf3 Rh8
33. Qe3 {Black resigns} 1-0

[Event "ICC tourney 1955 (60 10)"]
[Site "Internet Chess Club"]
[Date "2020.08.09"]
[Round "8"]
[White "Roger436"]
[Black "cwelch231"]
[Result "1-0"]
[ICCResult "Black checkmated"]
[WhiteElo "1580"]
[BlackElo "1659"]
[Opening "Ruy Lopez: Wormald (Alapin) attack"]
[ECO "C77"]
[NIC "RL.12"]
[Time "15:20:58"]
[TimeControl "3600+10"]

1. e4 e5 2. Nf3 Nc6 3. Bb5 a6 4. Ba4 Nf6 5. Qe2 b5 6. Bb3 Be7 7. c3 d6 8. h3
O-O 9. O-O Re8 10. d4 Bb7 11. Nbd2 Bf8 12. dxe5 Nxe5 13. Nxe5 dxe5 14. a4 b4
15. Qc4 Qd7 16. cxb4 a5 17. b5 Bb4 18. Rd1 Qe7 19. f3 Red8 20. Nf1 Rxd1 21.
Bxd1 Rd8 22. Be3 h6 23. Ng3 Bc8 24. Rc1 Be6 25. Qc2 Ne8 26. Be2 Rc8 27. Bc4
Bd7 28. Bd5 Nd6 29. Nf1 Kh7 30. Nd2 g6 31. Nb3 f5 32. Nc5 f4 33. Bf2 g5 34.
Qb3 Bxc5 35. Bxc5 h5 36. b6 cxb6 37. Qxb6 Be6 38. Bxe6 Qxe6 39. Rd1 Qc4 40.
Bxd6 g4 41. Qa7+ Kh6 42. Bxe5 Kg5 43. Qg7+ Kh4 44. Qf6+ Kg3 45. Bxf4#
{Black checkmated}
1-0

[Event "ICC tourney 1955 (60 10)"]
[Site "Internet Chess Club"]
[Date "2020.08.09"]
[Round "8"]
[White "liguowh"]
[Black "firewoods"]
[Result "1-0"]
[ICCResult "Black resigns"]
[WhiteElo "1967"]
[BlackElo "2144"]
[Opening "Sicilian: Labourdonnais-Löwenthal (Kalashnikov) variation"]
[ECO "B32"]
[NIC "SI.32"]
[Time "15:20:05"]
[TimeControl "3600+10"]

1. e4 c5 2. Nf3 Nc6 3. d4 cxd4 4. Nxd4 e5 5. Nb5 d6 6. N1c3 a6 7. Na3 b5 8.
Nd5 Nge7 9. c4 Nd4 10. cxb5 Nxd5 11. exd5 Be7 12. Be3 O-O 13. Bxd4 exd4 14.
Bc4 Bf6 15. O-O Qb6 16. Qd2 Re8 17. Rfe1 Re5 18. Red1 Bg4 19. Rf1 axb5 20.
Nxb5 Rc8 21. b3 d3 22. Qxd3 Be2 23. Qd2 Bxf1 24. Rxf1 g6 25. a4 Ra8 26. Qf4
Kg7 27. h4 Rae8 28. g3 Qc5 29. Kg2 Qb4 30. Nd4 Re4 31. Nc6 Qc5 32. Qc1 h5
33. a5 Ra8 34. Qd2 Qa3 35. Rb1 Bd8 36. Bd3 Re8 37. b4 Bf6 38. Qc2 Rec8 39.
Qc4 Bd8 40. Qd4+ Bf6 41. Qc4 Bd8 42. Qb3 Qxb3 43. Rxb3 Kf6 44. Ra3 Bc7 45.
b5 Bd8 46. Nxd8 Rxd8 47. f4 Ke7 48. b6 Rdb8 49. Bb5 Kf6 50. Bc6 Ra6 51. Bb5
Raa8 52. Kf2 Kf5 53. Ra4 Kf6 54. Bc6 Ra6 55. Ke3 {Black resigns} 1-0

[Event "ICC tourney 1955 (60 10)"]
[Site "Internet Chess Club"]
[Date "2020.08.09"]
[Round "8"]
[White "gz99754539"]
[Black "i2good4u734"]
[Result "1/2-1/2"]
[ICCResult "Game drawn by mutual agreement"]
[WhiteElo "1987"]
[BlackElo "2069"]
[Opening "Pirc: classical (two knights) system"]
[ECO "B08"]
[NIC "PU.10"]
[Time "15:19:59"]
[TimeControl "3600+10"]

1. e4 d6 2. d4 Nf6 3. Nc3 g6 4. Nf3 Bg7 5. Bc4 O-O 6. Be3 c6 7. Bb3 Nbd7 8.
Qd2 a5 9. a4 e5 10. O-O-O b5 11. dxe5 b4 12. exf6 bxc3 13. Qxc3 Nxf6 14. e5
Ne4 15. Qxc6 Bf5 16. exd6 Rc8 17. Qb6 Qd7 18. Qb5 Qxb5 19. axb5 a4 20. Bxa4
Rc4 21. Bb3 Ra8 22. Kb1 Nc3+ 23. Kc1 Ne4 {Game drawn by mutual agreement}
1/2-1/2

[Event "ICC tourney 1955 (60 10)"]
[Site "Internet Chess Club"]
[Date "2020.08.09"]
[Round "8"]
[White "albli"]
[Black "chessmilano"]
[Result "0-1"]
[ICCResult "White resigns"]
[WhiteElo "1744"]
[BlackElo "1502"]
[Opening "French: Rubinstein variation"]
[ECO "C10"]
[NIC "FR.07"]
[Time "15:20:58"]
[TimeControl "3600+10"]

1. e4 e6 2. d4 d5 3. Nc3 dxe4 4. Nxe4 Nd7 5. Nf3 Ngf6 6. Bd3 Nxe4 7. Bxe4
Nf6 8. Bd3 Bd6 9. Bg5 O-O 10. c3 b6 11. Qc2 h6 12. Bh4 Bb7 13. Ne5 c5 14.
Bxf6 gxf6 15. Ng4 Kg7 16. dxc5 Bxc5 17. O-O-O f5 18. Ne5 Qg5+ 19. Kb1 Rfd8
20. f3 Rd5 21. Rhf1 Qf4 22. Nc4 Qxh2 23. Qc1 Qg3 24. b4 Be7 25. Qc2 Bg5 26.
Na3 Rad8 27. Nb5 Ba6 28. c4 R5d7 29. Nc3 Qc7 30. b5 Bb7 31. Ne2 Qc5 32. Qb3
Qe3 33. Nc1 Bf6 34. Rfe1 Qc5 35. a3 a6 36. bxa6 Bxa6 37. Na2 Bxc4 38. Bxc4
Rxd1+ 39. Rxd1 Rxd1+ 40. Qxd1 Qxc4 {White resigns} 0-1

[Event "ICC tourney 1955 (60 10)"]
[Site "Internet Chess Club"]
[Date "2020.08.09"]
[Round "8"]
[White "rohu333"]
[Black "alphachesplayer"]
[Result "1-0"]
[ICCResult "Black resigns"]
[WhiteElo "1846"]
[BlackElo "1697"]
[Opening "Four knights game"]
[ECO "C47"]
[NIC "KP.06"]
[Time "15:23:39"]
[TimeControl "3600+10"]

1. e4 e5 2. Nf3 Nc6 3. Nc3 Nf6 4. d3 h6 5. g3 d6 6. Bg2 Be7 7. O-O O-O 8.
Ne1 Bd7 9. f4 Re8 10. Nf3 Bf8 11. Bd2 Bg4 12. Qe1 Bxf3 13. Bxf3 Nd4 14. Bd1
Nd7 15. Qf2 Nf6 16. fxe5 dxe5 17. Bxh6 gxh6 18. Qxf6 Qxf6 19. Rxf6 Bg7 20.
Rf2 c6 21. Bh5 Re7 22. Raf1 f6 23. Nd1 Nb5 24. Ne3 Nd6 25. Ng4 Rf8 26. Nxf6+
Bxf6 27. Rxf6 Rxf6 28. Rxf6 Nb5 29. Kf2 Kg7 30. Rg6+ Kh7 31. c3 Rf7+ 32. Ke2
Re7 33. Rf6 Kg7 34. Rf3 Nd6 35. Kd2 Rd7 36. Kc2 c5 37. Bg4 Re7 38. Bh3 b5
39. b3 a5 40. Bf5 b4 41. c4 Ra7 42. Kb2 a4 43. g4 axb3 44. axb3 Rf7 45. h4
Ne8 46. Rf1 Nc7 47. Ra1 Ne8 48. Ra6 Rf6 49. Ra5 Rd6 50. Rxc5 Rxd3 51. Rxe5
Nf6 52. g5 hxg5 53. hxg5 Nh5 54. Rd5 Rg3 55. g6 Rg2+ 56. Kc1 Rg1+ 57. Kc2
Rg2+ 58. Rd2 Rg3 59. Rd7+ Kf8 60. Rh7 Rg2+ 61. Kd3 Nf4+ 62. Kd4 Nxg6 63.
Bxg6 Rxg6 64. Rh3 Rd6+ 65. Kc5 Re6 66. Re3 Ke7 67. Kxb4 Kd6 68. e5+ Kc6 69.
Kc3 Re8 70. e6 Re7 71. Kd4 Kd6 72. b4 Kc6 73. b5+ Kb6 74. Kd5 Re8 75. e7 Kc7
76. c5 Kb7 77. Kd6 Kc8 78. c6 Kb8 79. Kd7 {Black resigns} 1-0

[Event "ICC tourney 1955 (60 10)"]
[Site "Internet Chess Club"]
[Date "2020.08.09"]
[Round "8"]
[White "WR3311"]
[Black "KnightHawk8"]
[Result "1-0"]
[ICCResult "Black forfeits on time"]
[WhiteElo "1868"]
[BlackElo "2036"]
[Opening "Scotch: Potter variation"]
[ECO "C45"]
[NIC "SO.05"]
[Time "15:20:38"]
[TimeControl "3600+10"]

1. e4 e5 2. Nf3 Nc6 3. d4 exd4 4. Nxd4 Bc5 5. Nb3 Bb6 6. Nc3 Qf6 7. Qe2 Nge7
8. Be3 d6 9. Nb5 O-O 10. Bxb6 cxb6 11. O-O-O Rd8 12. f3 Be6 13. Nc7 Rac8 14.
Nxe6 Qxe6 15. Kb1 d5 16. exd5 Nxd5 17. Nd4 Qd6 18. c3 Re8 19. Qd2 Ne3 20.
Re1 Nf5 21. Rxe8+ Rxe8 22. Bb5 a6 23. Bxc6 bxc6 24. Rd1 Rd8 25. Qg5 Ne7 26.
Re1 Ng6 27. Nxc6 Qd3+ 28. Kc1 Rc8 29. Ne7+ Nxe7 30. Qxe7 h6 31. Qe3 Qd6 32.
g3 b5 33. Rd1 Qc6 34. Kb1 b4 35. Rc1 Qg6+ 36. Qe4 Qg5 37. f4 Qh5 38. Qxb4
Qxh2 39. Qb7 Rd8 40. Qxa6 Qxg3 41. Qc4 Qg6+ 42. Ka1 h5 43. a4 h4 44. f5 Qg5
45. Rh1 {Black forfeits on time} 1-0

[Event "ICC tourney 1955 (60 10)"]
[Site "Internet Chess Club"]
[Date "2020.08.09"]
[Round "8"]
[White "HarleyQueen8"]
[Black "SuperPuzzler"]
[Result "1-0"]
[ICCResult "Black checkmated"]
[WhiteElo "1746"]
[BlackElo "1943"]
[Opening "King's Indian: Semi-Averbakh system"]
[ECO "E73"]
[NIC "KI.27"]
[Time "15:20:02"]
[TimeControl "3600+10"]

1. d4 Nf6 2. c4 g6 3. Nc3 Bg7 4. e4 d6 5. Be2 O-O 6. Be3 e5 7. d5 a5 8. g4
Na6 9. h4 Nc5 10. f3 h5 11. g5 Ne8 12. Nh3 Bd7 13. Nf2 f6 14. gxf6 Bxf6 15.
Rg1 Kh7 16. Qd2 Bxh4 17. O-O-O Ng7 18. Rh1 Bg3 19. Rdg1 Bf4 20. Bxf4 Rxf4
21. Nh3 Bxh3 22. Rxh3 Nd7 23. Rhg3 Nf8 24. Bd1 c6 25. Qg2 Rb8 26. Rxg6 Rg4
27. Rxg7+ Kh6 28. fxg4 Kxg7 29. gxh5+ Kf7 30. Qg7+ Ke8 31. h6 Qh4 32. Qg5
Qxg5+ 33. Rxg5 cxd5 34. Nxd5 Rc8 35. b3 b5 36. Bh5+ Kd8 37. Rg8 Kd7 38. Nb6+
Kc7 39. Nxc8 Kxc8 40. Rxf8+ Kc7 41. h7 Kb6 42. h8=Q Kc5 43. Rc8+ Kb4 44. Qf8
a4 45. Qxd6+ Kc3 46. Qd2# {Black checkmated} 1-0